 Dungeon Crawl Stone Soup version 0.31-a0-636-ge1c0e020e0 (webtiles) character file.

Game seed: 734076511705103767

25673 Ofeo the Covert (level 13, -10/80 HPs)
             Began as a Kobold Earth Elementalist on Aug 26, 2023.
             Was an Elder of Ashenzari.
             Mangled by a skeletal warrior
             ... wielding a +0 glaive
              (21 damage)
             ... on level 12 of the Dungeon.
             The game lasted 00:47:48 (20554 turns).

Ofeo the Covert (Kobold Earth Elementalist)        Turns: 20554, Time: 00:47:49

Health: -10/80     AC: 12    Str:  4    XL:     13   Next: 52%
Magic:  13/17      EV: 17    Int: 16    God:    Ashenzari [****..]
Gold:   401        SH:  0    Dex: 24    Spells: 8/18 levels left

rFire   . . .        d - +8 dagger (distort)
rCold   + . .        (no shield)
rNeg    . . .        o - +2 leather armour of Ashenzari's Submission {rC+, Bglg, Elem} (curse)
rPois   .            H - +1 helmet of Supernal Wisdom {Elem, Melee} (curse)
rElec   .            P - scarf of Ashenzari's Sun {shadows, Cun, Bglg} (curse)
rCorr   .            u - +0 pair of gloves of Apeoromancy {Range, Cun} (curse)
SInv    +            (no boots)
Will    +....        D - amulet of the Eye in the Sky {RegenMP, Alch, Melee} (curse)
Stlth   ++++++++     w - ring of willpower
HPRegen 0.33/turn    k - ring of Supernal Gnosis {AC+4, Bglg, Fort} (curse)
MPRegen 0.55/turn

%: clarity
@: no status effects
A: small, no large weapons, nightstalker 3, agile 1, mutation resistance 1
a: Renounce Religion, Curse Item, Shatter the Chains


You were on level 12 of the Dungeon.
You worshipped Ashenzari.
Ashenzari was greatly pleased with you.
You visited 2 branches of the dungeon, and saw 15 of its levels.
You visited 1 bazaar.
You also visited: Ossuary and Gauntlet.

You collected 921 gold pieces.
You spent 520 gold pieces at shops.

Inventory:

Hand Weapons
 d - a +8 dagger of distortion (weapon)
Missiles
 c - 3 throwing nets
 j - a curare-tipped dart
Armour
 o - the cursed +2 leather armour of Ashenzari's Submission (worn) {rC+, Bglg, Elem}
   (You took it off a gnoll on level 3 of the Dungeon)

   It has a curse which improves the following skills: Beguiling: Conjurations,
   Hexes and Translocations.
   Elements:  Fire Magic, Ice Magic, Air Magic and Earth Magic.
 t - the +0 helmet "Ydecviydorch" {rC++}
   (You found it in a Gauntlet)

   rC++:      It greatly protects you from cold.
 u - the cursed +0 pair of gloves of Apeoromancy (worn) {Range, Cun}
   (You found it on level 4 of the Dungeon)

   It has a curse which improves the following skills: Ranged Combat: Ranged
   Weapons and Throwing.
   Cunning:   Dodging and Stealth.
 H - the cursed +1 helmet of Supernal Wisdom (worn) {Elem, Melee}
   (You found it on level 8 of the Dungeon)

   It has a curse which improves the following skills: Elements: Fire Magic, Ice
   Magic, Air Magic and Earth Magic.
   Melee Combat: Short Blades, Long Blades, Axes, Maces & Flails, Polearms,
   Staves and Unarmed Combat.
 L - a +0 helmet
 O - a +0 buckler
 P - the cursed scarf of Ashenzari's Sun (worn) {shadows, Cun, Bglg}
   (You found it in a Gauntlet)

   It has a curse which improves the following skills: Cunning: Dodging and
   Stealth.
   Beguiling: Conjurations, Hexes and Translocations.
 S - a +0 troll leather armour
Jewellery
 f - a ring of poison resistance
 k - the cursed ring of Supernal Gnosis (right hand) {AC+4, Bglg, Fort}
   (You found it on level 4 of the Dungeon)

   [ring of protection]

   AC+4:      It affects your AC (+4).
   It has a curse which improves the following skills: Beguiling: Conjurations,
   Hexes and Translocations.
   Fortitude: Armour and Shields.
 v - a ring of willpower
 w - a ring of willpower (left hand)
 x - an amulet of regeneration
 A - a ring of fire
 D - the cursed amulet of the Eye in the Sky (around neck) {RegenMP, Alch, Melee}
   (You found it on level 7 of the Dungeon)

   [amulet of magic regeneration]

   RegenMP:   It increases your rate of magic regeneration.
   It has a curse which improves the following skills: Alchemy: Poison Magic and
   Transmutations.
   Melee Combat: Short Blades, Long Blades, Axes, Maces & Flails, Polearms,
   Staves and Unarmed Combat.
 J - a +5 ring of evasion
Talismans
 g - a beast talisman
Wands
 i - a wand of digging (6) {@v1}
 F - a wand of roots (1)
Scrolls
 n - 2 scrolls of immolation
 p - 2 scrolls of fear
 y - 4 scrolls of poison
 z - 2 scrolls of revelation
 B - a scroll of blinking {@r4}
 G - 3 scrolls of torment
 M - 2 scrolls of fog
 N - 3 scrolls of teleportation {@r3}
Potions
 a - 2 potions of ambrosia
 b - 2 potions of magic
 e - a potion of enlightenment
 l - 3 potions of lignification
 m - 3 potions of might {@q4}
 q - 4 potions of curing {@q1}
 r - 2 potions of resistance {@q6}
 s - a potion of haste {@q3}
 C - a potion of degeneration
 E - a potion of mutation
 I - a potion of invisibility
 K - a potion of cancellation
 Q - a potion of brilliance
Miscellaneous
 R - a condenser vane


   Skills:
 + Level 8.9 Fighting
 + Level 12.3(14.9) Short Blades
 - Level 3.5(5.9) Dodging
 + Level 14.0(16.6) Stealth
 - Level 3.0 Spellcasting
 - Level 6.3(9.9) Conjurations
 + Level 9.9(11.7) Transmutations
 + Level 10.2(12.9) Earth Magic


You had 8 spell levels left.
You knew the following spells:

 Your Spells              Type           Power      Damage    Failure   Level
a - Sandblast             Erth           86%        2d18      1%          1
b - Passwall              Tmut/Erth      34%        N/A       1%          2
c - Stone Arrow           Conj/Erth      78%        3d11      1%          3
d - Petrify               Tmut/Erth      41%        N/A       1%          4

Your spell library contained the following spells:

 Spells                   Type           Power      Damage    Failure   Level
 Foxfire                  Conj/Fire      72%        2x1d7     4%          1
 Kiss of Death            Conj/Necr      72%        2d10      4%          1
 Ignite Poison            Fire/Tmut/Pois 15%        N/A       19%         3
 Apportation              Tloc           8%         N/A       26%         1
 Summon Small Mammal      Summ           8%         N/A       32%         1
 Sticky Flame             Conj/Fire      18%        2d4       36%         4
 Alistair's Intoxication  Tmut/Pois      14%        N/A       63%         5
 Ignition                 Fire           1%         3d3       100%        8


Dungeon Overview and Level Annotations

Branches:
Dungeon (14/15)            Temple (1/1) D:6            Lair (0/5) D:9
    Orc (0/2) D:11        Ossuary (visited)         Gauntlet (visited)
 Vaults: D:13-14

Altars:
Ashenzari
Cheibriados
Dithmenos
Elyvilon
Fedhas
Gozag
Hepliaklqana
Kikubaaqudgha
Makhleb
Nemelex Xobeh
Okawaru
Qazlal
Ru
Sif Muna
Trog
Uskayaw
Vehumet
Wu Jian
Xom
Yredelemnul
Zin
The Shining One

Shops:
D:2 !   D:5 !   D:6 :   D:7 ?*   D:8 *   D:9 [   D:11 ([   D:12 :   D:13 *

Annotations:
D:4 2 transporters, arthad's ghost, amateur AtWr
D:5 1 runed translucent door, zenocrate's ghost, amateur OpSh


Innate Abilities, Weirdness & Mutations

You are small and have problems with some larger weapons.
You are completely attuned to the shadows.
You are agile. (Dex +4, Str/Int -1)
You are somewhat resistant to further mutation.


Message History

The stone arrow hits the skeletal warrior.
The skeletal warrior is severely damaged.
The skeletal warrior hits you from afar with a +0 glaive!
* * * LOW HITPOINT WARNING * * *
You take 13 damage, and have 9/80 hp.
You now have 12/17 mp.
You feel much better.
The skeletal warrior completely misses you.
You regained 20 hp, and now have 29/80 hp.
Casting: Stone Arrow (safe; 1% risk of failure)
Confirm with . or Enter, or press ? or * to list all spells.
Aiming: Stone Arrow (safe; 1% risk of failure)
Press: ? - help, Shift-Dir - straight line, f/p - skeletal warrior
Aim: a skeletal warrior, wielding a +0 glaive (severely damaged, 74% to hit)
The stone arrow misses the skeletal warrior.
The skeletal warrior hits you from afar with a +0 glaive!!
* * * LOW HITPOINT WARNING * * *
You take 19 damage, and have 10/80 hp.
MASSIVE DAMAGE!!
You now have 10/17 mp.
Okay, then.
Aiming: Fastroot
Press: ? - help, Shift-Dir - straight line, f/p - skeletal warrior
Aim: a skeletal warrior, wielding a +0 glaive (severely damaged)
The roots erupt in riotous growth!
Roots grab the skeletal warrior.
The grasping roots constrict the skeletal warrior.
The skeletal warrior barely misses you.
The grasping roots constrict the skeletal warrior.
The roots release their grip on the skeletal warrior.
The skeletal warrior attacks as it pursues you!
The skeletal warrior barely misses you.
A skeletal warrior is nearby!
Okay, then.
Unknown command.
Aiming: Fastroot
Press: ? - help, Shift-Dir - straight line, f/p - skeletal warrior
Aim: a skeletal warrior, wielding a +0 glaive (almost destroyed)
The roots erupt in riotous growth!
Roots grab the skeletal warrior.
The grasping roots constrict the skeletal warrior.
The skeletal warrior hits you from afar with a +0 glaive!!
You die...

# #.#...#.#####.####..# #
#.#...#.# #......#..# # #.#...#.#
#.#.##....# # #.......#
#.#......## # ##......#
#.#......### # ###.#.##.#
#.##.#.#.#.######
######......#.###.........#.#....
#................###.###.#....###
....##...##.#.##@# #.###[###### #
#.#.........#.##.# #.....########
#.#...........##z###..........z..
........##..####............{.z..
........<...# ####...###########
.#..######.### #...#<,*,,,,,,,
....## #.....# #...#,,*,{,{,,,
.###.# #.....# #...#,,*,,,,,*{
#.#.## #.....# #...#,,+,{,,**,


You could see a skeletal warrior (rooted).

Vanquished Creatures
  Frances (D:12)
  A minotaur (Gauntlet)
  A catoblepas (D:13)
  A hell beast (Gauntlet)
  A centaur warrior (D:13)
  2 two-headed ogres
  2 tengu warriors (D:13)
  5 skeletal warriors
  A deep elf pyromancer (D:14)
  3 ugly things
  A manticore (D:13)
  4 cyclopes
  A black mamba (D:13)
  A gargoyle (D:11)
  4 unseen horrors
  A rime drake (D:9)
  A kobold demonologist (D:8)
  A polar bear (D:9)
  A troll (D:13)
  A blink frog (shapeshifter) (D:13)
  A wraith (D:9)
  20 yaks
  A basilisk (D:13)
  3 wyverns
  A steam dragon (D:8)
  13 vampire mosquitoes
  2 acid dragons
  A water moccasin (D:8)
  2 swamp worms (Gauntlet)
  A hell hound (Gauntlet)
  3 orc warriors
  5 ice beasts (D:9)
  A wolf (D:9)
  3 centaurs
  An ogre (D:4)
  A boggart (Gauntlet)
  A kobold brigand (D:6)
  2 elf zombies (Ossuary)
  4 bullfrogs
  3 scorpions
  9 wights
  6 killer bees (D:9)
  An electric eel (D:6)
  2 howler monkeys
  A hound (D:7)
  3 human zombies (Ossuary)
  8 orc priests
  2 sleepcaps
  4 iguanas
  11 orc wizards
  2 human simulacra (D:10)
  2 mummies (Ossuary)
  10 gnolls
  8 adders
  A shadow imp (D:6)
  2 adder zombies (Ossuary)
  2 dart slugs
  32 orcs
  3 endoplasms
  4 giant cockroaches
  12 goblins
  6 hobgoblins
  14 jackals
  5 quokkas
  5 ball pythons
  3 bats
  2 frilled lizards
  9 hobgoblin zombies (Ossuary)
  A jackal zombie (Ossuary)
  18 kobolds
  8 kobold zombies (Ossuary)
  9 orc zombies (Ossuary)
  6 rats
  3 rat zombies (Ossuary)
317 creatures vanquished.

Notes
Turn   | Place    | Note
-------+----------+-------------------------------------------
     0 | D:1      | Ofeo the Kobold Earth Elementalist began the quest for the
                  | Orb.
     0 | D:1      | Reached XP level 1. HP: 10/10 MP: 3/3
   349 | D:1      | Reached skill level 3 in Stealth
   349 | D:1      | Reached XP level 2. HP: 15/15 MP: 3/5
   547 | D:1      | Reached XP level 3. HP: 19/19 MP: 3/6
  1306 | D:2      | Found Gofoech's Distillery.
  1669 | D:2      | Found an ornate altar of the Wu Jian Council.
  1754 | D:2      | Found a faded altar of an unknown god.
  2147 | D:3      | Reached XP level 4. HP: 24/24 MP: 4/8
  2387 | D:3      | Reached XP level 5. HP: 28/28 MP: 3/9
  3247 | D:2      | Bought a potion of curing for 39 gold pieces
  3247 | D:2      | Bought a potion of heal wounds for 65 gold pieces
  3247 | D:2      | Bought a potion of lignification for 39 gold pieces
  3313 | D:4      | Reached skill level 4 in Stealth
  3317 | D:4      | Learned a level 2 spell: Passwall
  3321 | D:4      | Learned a level 3 spell: Stone Arrow
  3326 | D:4      | Learned a level 4 spell: Petrify
  3525 | D:4      | Reached skill level 1 in Short Blades
  3525 | D:4      | Reached skill level 1 in Conjurations
  3525 | D:4      | Reached XP level 6. HP: 9/32 MP: 6/10
  3601 | D:4      | Reached skill level 5 in Stealth
  3601 | D:4      | Reached XP level 7. HP: 16/36 MP: 7/11
  3737 | D:4      | Identified the +2 hand axe of Kiuwytu {holy, rC++ Int+4
                  | Dex-2}
  4014 | D:4      | Found a transporter.
  4043 | D:4      | Found a shimmering blue altar of Sif Muna.
  4081 | D:4      | Found a bloodstained altar of Trog.
  4586 | D:4      | Found a transporter.
  4590 | D:4      | Noticed arthad's ghost (amateur AtWr)
  4730 | D:4      | Got Sif Muna's Almanac of the Burn
  4732 | D:4      | Got Sif Muna's Papyrus of the Flock
  4735 | D:4      | Got Sif Muna's Atlas of Gloom
  4779 | D:5      | Entered Level 5 of the Dungeon
  4785 | D:5      | Found Edeson's Distillery.
  4988 | D:5      | Found a stormy altar of Qazlal.
  5004 | D:5      | Found a blossoming altar of Fedhas.
  5134 | D:5      | Found a runed translucent door.
  5530 | D:5      | Noticed zenocrate's ghost (amateur OpSh)
  5592 | D:5      | Reached XP level 8. HP: 41/41 MP: 8/12
  5995 | D:6      | Reached skill level 6 in Stealth
  6022 | D:6      | Found a staircase to the Ecumenical Temple.
  6399 | D:6      | Reached skill level 5 in Earth Magic
  6878 | Temple   | Entered the Ecumenical Temple
  6939 | D:6      | Found a hazy altar of Hepliaklqana.
  7182 | D:6      | Found a snail-covered altar of Cheibriados.
  7183 | D:6      | Found a sparkling altar of Nemelex Xobeh.
  7218 | D:6      | Reached skill level 7 in Stealth
  7312 | D:6      | Reached XP level 9. HP: 44/45 MP: 5/13
  7362 | D:6      | Reached skill level 5 in Short Blades
  7590 | D:6      | Found Vephefiemi's Self-Published Books.
  7675 | D:6      | Found a broken altar of Ashenzari.
  7890 | D:6      | Became a worshipper of Ashenzari the Shackled
  8099 | D:7      | Identified the +8 flail "Etotuip" {vamp, rC+ rN+ Stlth-}
  8152 | D:7      | Reached skill level 5 in Transmutations
  8238 | D:7      | Killed an unseen horror
  8442 | D:7      | Reached skill level 8 in Stealth
  8545 | D:7      | Found Susse's Magic Scroll Emporium.
  8551 | D:7      | Bought a scroll of blinking for 105 gold pieces
  8551 | D:7      | Bought a scroll of fear for 56 gold pieces
  8689 | D:7      | Found Salyumeul's General Store.
  8694 | D:7      | Bought a potion of might for 44 gold pieces
  8976 | D:7      | Found an ancient bone altar of Kikubaaqudgha.
  9260 | D:8      | Noticed a two-headed ogre
  9274 | D:7      | Reached skill level 5 in Conjurations
  9365 | D:8      | Reached skill level 1 in Fighting
  9366 | D:8      | Reached XP level 10. HP: 31/52 MP: 8/14
  9367 | D:8      | Noticed a kobold demonologist
  9502 | D:8      | Found a sand-covered staircase.
  9507 | Ossuary  | Entered an ossuary
  9806 | Ossuary  | Reached skill level 9 in Stealth
 10135 | D:8      | Gained mutation: Armour fits poorly on your strangely
                  | shaped body. [a neqoxec]
 10139 | D:8      | Killed a kobold demonologist
 10282 | D:8      | Killed a two-headed ogre
 10295 | D:8      | Found Aptetipt's Assorted Antiques.
 11085 | D:8      | Lost mutation: Armour fits poorly on your strangely shaped
                  | body. [potion of mutation]
 11085 | D:8      | Gained mutation: You are somewhat resistant to further
                  | mutation. [potion of mutation]
 11085 | D:8      | Gained mutation: You are agile. (Dex +4, Str/Int -1)
                  | [potion of mutation]
 11339 | D:9      | Noticed a rime drake
 11345 | D:9      | Killed a rime drake
 11427 | D:9      | Found Suimigee's Antique Armour Shoppe.
 11572 | D:8      | Reached * piety under Ashenzari
 11639 | D:9      | Reached skill level 10 in Stealth
 11715 | D:9      | Reached XP level 11. HP: 61/61 MP: 15/15
 11923 | D:9      | Found a radiant altar of Vehumet.
 12770 | D:9      | Reached ** piety under Ashenzari
 12917 | D:9      | Found a staircase to the Lair.
 13055 | D:10     | Entered Level 10 of the Dungeon
 13250 | D:9      | Reached skill level 5 in Fighting
 13644 | D:10     | Found a glowing silver altar of Zin.
 13952 | D:10     | Reached skill level 11 in Stealth
 14848 | D:11     | Found a gate leading to a gauntlet.
 14860 | D:11     | Reached *** piety under Ashenzari
 14862 | Gauntlet | Entered a Gauntlet
 14862 | Gauntlet | Found a large runed translucent door.
 14862 | Gauntlet | Found a large runed translucent door.
 14862 | Gauntlet | Found a transporter.
 14862 | Gauntlet | Found a transporter.
 14863 | Gauntlet | Found a large runed translucent door.
 14863 | Gauntlet | Found a large runed translucent door.
 14873 | Gauntlet | Found a transporter.
 14888 | Gauntlet | Noticed a catoblepas
 14898 | Gauntlet | Found a transporter.
 14901 | Gauntlet | Noticed a hell beast
 14917 | Gauntlet | Found a transporter.
 14917 | Gauntlet | Found a transporter.
 14918 | Gauntlet | Identified the +0 helmet "Ydecviydorch" {rC++}
 14937 | Gauntlet | Noticed a glowing orange brain
 14946 | Gauntlet | Noticed a green ugly thing
 14947 | Gauntlet | Found a transporter.
 14947 | Gauntlet | Noticed a purple ugly thing
 14972 | Gauntlet | Found a large runed translucent door.
 14973 | Gauntlet | Found a transporter.
 14973 | Gauntlet | Found a large runed translucent door.
 14974 | Gauntlet | Found a large runed translucent door.
 14974 | Gauntlet | Found a large runed translucent door.
 14974 | Gauntlet | Found a large runed translucent door.
 14974 | Gauntlet | Found a large runed translucent door.
 14985 | Gauntlet | Found a runed translucent door.
 14987 | Gauntlet | Found a runed translucent door.
 14989 | Gauntlet | Found a large runed translucent door.
 14990 | Gauntlet | Found a large runed translucent door.
 14996 | Gauntlet | Found a large runed translucent door.
 14998 | Gauntlet | Found a large runed translucent door.
 14998 | Gauntlet | Found a large runed translucent door.
 15005 | Gauntlet | Found a large runed translucent door.
 15008 | Gauntlet | Found a runed translucent gate.
 15009 | Gauntlet | Found a transporter.
 15010 | Gauntlet | Noticed a worldbinder
 15017 | Gauntlet | Found a transporter.
 15038 | Gauntlet | Found a transporter.
 15046 | Gauntlet | Found a transporter.
 15105 | Gauntlet | Found a runed translucent gate.
 15105 | Gauntlet | Found a runed translucent gate.
 15134 | Gauntlet | Found a transporter.
 15143 | Gauntlet | Found a transporter.
 15164 | Gauntlet | Found a transporter.
 15171 | Gauntlet | Found a transporter.
 15189 | Gauntlet | Reached **** piety under Ashenzari
 15223 | Gauntlet | Noticed a necromancer
 15300 | Gauntlet | Noticed an ironbound thunderhulk
 15300 | Gauntlet | Noticed a cyan very ugly thing
 15300 | Gauntlet | Noticed a green very ugly thing
 15758 | Gauntlet | Killed a hell beast
 15847 | Gauntlet | Identified the +4 glaive of Desertification {distort, Will+
                  | Int+3}
 15847 | Gauntlet | Noticed a minotaur
 15850 | Gauntlet | Killed a minotaur
 16103 | D:11     | Noticed a two-headed ogre
 16112 | D:11     | Killed a two-headed ogre
 16234 | D:8      | Bought a scroll of enchant weapon for 172 gold pieces
 16363 | D:11     | Noticed a cyan ugly thing
 16366 | D:11     | Killed a cyan ugly thing
 16367 | D:11     | Reached skill level 10 in Short Blades
 16367 | D:11     | Reached XP level 12. HP: 70/70 MP: 16/16
 16576 | D:11     | Found Qumog's Weapon Boutique.
 16579 | D:11     | Found a staircase to the Orcish Mines.
 16585 | D:11     | Found Moxiufyu's Armour Boutique.
 17007 | D:11     | Found a blossoming altar of Fedhas.
 17030 | D:11     | You fall into a shaft and drop 3 floors!
 17137 | D:14     | Reached skill level 12 in Stealth
 17179 | D:14     | Found a flickering gateway to a bazaar.
 17197 | Bazaar   | Entered a bazaar
 17236 | Bazaar   | Found Pemniras's General Store.
 17268 | Bazaar   | Found Neradim's Antique Weapon Boutique.
 17357 | Bazaar   | Found Ziuxtox's Armour Boutique.
 17630 | D:13     | Noticed a tengu warrior
 17636 | D:13     | Noticed a tengu warrior
 17636 | D:13     | Killed a tengu warrior
 17647 | D:13     | Noticed a skeletal warrior
 17662 | D:13     | Killed a tengu warrior
 17866 | D:13     | Noticed a centaur warrior
 17894 | D:13     | Killed a centaur warrior
 17931 | D:13     | Noticed a skeletal warrior
 17942 | D:13     | Killed a skeletal warrior
 18035 | D:13     | Killed a skeletal warrior
 18349 | D:13     | Noticed a skeletal warrior
 18394 | D:13     | Killed a skeletal warrior
 18395 | D:13     | Reached skill level 13 in Stealth
 18441 | D:13     | Noticed a catoblepas
 18462 | D:13     | Killed a catoblepas
 18463 | D:13     | Reached XP level 13. HP: 45/78 MP: 5/17
 18582 | D:13     | Found Muva's Serpentskin Sales.
 19146 | D:12     | Noticed Frances
 19155 | D:12     | Killed Frances
 19156 | D:12     | Reached skill level 10 in Earth Magic
 19350 | D:12     | Found Ravvo Orph's Book Emporium.
 20429 | D:12     | Reached skill level 14 in Stealth
 20554 | D:12     | Mangled by a skeletal warrior

Illustrated notes

Levels and vault maps discovered:
D:1:      matt_arrival_debris, layout_loops_ring
D:2:      layout_rooms, basic_altar, serial_shops, nicolae_shop_window_shopping,
          dreamdust_ecumenical_altar_grove, kennysheep_cross_room
D:3:      layout_rooms, guppyfry_early_lair_pool
D:4:      layout_loops_ring, mainiacjoe_overflow_catwalk,
          nicolae_sif_muna_little_library, gammafunk_ghost_arena
D:5:      layout_rooms, grunt_temple_overflow_forces_of_nature,
          gammafunk_ghost_grave, serial_shops, nicolae_shop_hallway_stairs
D:6:      cheibrodos_helix_gallery, layout_basic,
          mainiacjoe_overflow_tiny_flanked, gammafunk_temple_overflow_statue,
          mainiacjoe_overflow_cross_hatched, minmay_temple_entry_waves,
          nicolae_custom_books
D:7:      layout_loops_ring, mainiacjoe_overflow_alcove_4, serial_shops, shop,
          shop_scrolls
D:8:      layout_loops_ring, serial_shops, nicolae_shop_behind_doors,
          nicolae_ossuary_entry_plus
D:9:      layout_irregular_city, nicolae_vehumet_altar_sigil,
          hellmonk_lair_entry_icy, serial_shops, nicolae_shop_back_alley_shop
D:10:     minmay_flawed_box, layout_basic, zin_scriptorium, nrook_mini_vaults,
          bh_circular_ruins
D:11:     layout_cave_pools, orc_david_3, gauntlet_entry_generic, tgw_fedhas
D:12:     minmay_isolated_rectangles_in_corner, layout_loops_cross,
          serial_shops, nicolae_shop_hallway_plus, uniq_frances
D:13:     layout_rooms, hangedman_vaults_entry_quadrant_bands,
          guppyfry_shop_venom, uniq_nessos
D:14:     layout_irregular_city, minmay_misc_feat_x, serial_shops,
          bzr_entry_gold, ebering_ghost_rock_garden
Temple:   nicolae_temple_bog_church

Skill      XL: |  1  2  3  4  5  6  7  8  9 10 11 12 13 |
---------------+----------------------------------------+-----
Stealth        | 3 4 5 7 8 10 11 13 14 | 14.0
Dodging        | 3 |  3.5
Transmutations | 2 3 4 5 6 8 9 |  9.9
Spellcasting   | 3 |  3.0
Short Blades   | 1 2 3 4 6 8 10 11 12 | 12.3
Conjurations   | 1 2 3 5 6 |  6.3
Earth Magic    | 4 5 6 7 8 9 10 | 10.2
Fighting       | 1 4 6 7 8 |  8.9

Action                     |  1- 3 |  4- 6 |  7- 9 | 10-12 | 13-15 || total
---------------------------+-------+-------+-------+-------+-------++-------
  Melee: Dagger            |    11 |    27 |   169 |   346 |    64 ||   617
         Punch             |       |     1 |     4 |     6 |       ||    11
   Cast: Sandblast         |    42 |    58 |   103 |    49 |       ||   252
         Passwall          |       |       |     3 |    20 |    19 ||    42
         Stone Arrow       |       |       |     7 |    77 |     7 ||    91
         Petrify           |       |       |       |     4 |     1 ||     5
 Invoke: Curse Item        |       |       |     1 |     6 |       ||     7
         Shatter the Chain |       |       |       |     1 |       ||     1
  Evoke: Wand              |       |       |       |     1 |     2 ||     3
    Use: Scroll            |     2 |     7 |     9 |     8 |     1 ||    27
         Potion            |       |     1 |     1 |     4 |     1 ||     7
   Stab: Invisible         |       |       |     3 |     2 |       ||     5
         Sleeping          |       |       |     3 |    29 |    20 ||    52
         Distracted        |       |       |     1 |     4 |       ||     5
         Petrifying        |       |       |       |     3 |       ||     3
 Armour: Robe              |     6 |     1 |       |       |       ||     7
         Leather armour    |       |     1 |    64 |    66 |     7 ||   138
  Dodge: Dodged            |    21 |    22 |   131 |   167 |    37 ||   378

Table legend: (Time is in decaauts)
 A = Elapsed time spent in this place.
 B = Non-inter-level travel time spent in this place.
 C = Inter-level travel time spent in this place.
 D = Time resting spent in this place.
 E = Time spent auto-exploring this place.
 F = Levels seen in this place.
 G = Mean time per level.
                   A        B        C        D        E       F      G
               +--------+--------+--------+--------+--------+-----+--------+
         Total |  20474 |  19312 |   1162 |   2235 |  13293 |  18 | 1137.4 |
       Dungeon |  18696 |  17534 |   1162 |   1879 |  12554 |  14 | 1335.4 |
        Temple |      1 |      1 |      0 |      0 |      0 |   1 |    1.0 |
        Bazaar |    240 |    240 |      0 |      0 |    233 |   1 |  240.0 |
       Ossuary |    384 |    384 |      0 |      5 |     49 |   1 |  384.0 |
      Gauntlet |   1150 |   1150 |      0 |    351 |    457 |   1 | 1150.0 |
               +--------+--------+--------+--------+--------+-----+--------+

Top non-repeatable levels by time:
     D:9: 2053 daAuts
    D:10: 1796 daAuts
     D:6: 1674 daAuts
    D:12: 1634 daAuts
     D:4: 1626 daAuts
     D:8: 1430 daAuts
     D:5: 1414 daAuts
     D:7: 1350 daAuts
     D:1: 1241 daAuts
     D:3: 1176 daAuts
Gauntlet: 1150 daAuts
    D:11: 1053 daAuts
    D:13: 996 daAuts
     D:2: 906 daAuts
 Ossuary: 384 daAuts
